 Dungeon Sprint DCSS version 0.19.0-11-g3fc08b3 (webtiles) character file.

53 equalderp2856 the Scratcher (level 3, -4/18 HPs)
             Began as a Felid Fighter on Nov 8, 2016.
             Slain by a bullfrog (7 damage)
             ... in the Dungeon (Sprint IX: "|||||||||||||||||||||||||||||").
             The game lasted 00:00:57 (376 turns).

equalderp2856 the Scratcher (Felid Fighter)          Turns: 376, Time: 00:00:57

Health: -4/18      AC:  1    Str: 13    XL:     3   Next: 62%
Magic:  4/4        EV: 24    Int:  9    God:
Gold:   0          SH:  0    Dex: 18    Spells: 0 memorised, 2 levels left
                                        Lives:  0   Deaths: 0

rFire  . . .     SeeInvis +       - Unarmed
rCold  . . .     Gourm    .     (armour unavailable)
rNeg   . . .     Faith    .     (shield unavailable)
rPois  .         Spirit   .     (helmet unavailable)
rElec  .         Reflect  .     (cloak unavailable)
rCorr  .         Harm     .     (gloves unavailable)
MR     .....     NoTele   +     (boots unavailable)
Stlth  ++........               (no amulet)
                                n - +3 ring of dexterity
                                m - +2 ring of evasion

@: quick
A: no armour, no weapons or thrown items, stealth, claws 1, fangs 3, see
invisible, carnivore 3, speed 1, shaggy fur 1, slow metabolism 1, sharp paws
a: no special abilities


You were in the Dungeon.
You were not hungry.

You visited 1 branch

Inventory:

Jewellery
 m - a +2 ring of evasion (left paw)
 n - a +3 ring of dexterity (right paw)
Wands
 l - a wand of iceblast (7/15)
Scrolls
 h - 2 scrolls of blinking
 j - 3 scrolls of remove curse
 k - 2 scrolls of amnesia
Potions
 a - a potion of might
 c - 5 potions of curing
 d - 3 potions of heal wounds
 e - a potion of haste
 f - 4 potions of magic
 g - a potion of berserk rage
 i - a potion of invisibility
Comestibles
 b - a meat ration


   Skills:
 + Level 4.0 Fighting
 + Level 6.1 Dodging
 + Level 1.1 Stealth
 + Level 6.8 Unarmed Combat


You had 2 spell levels left.
You didn't know any spells.

Dungeon Overview and Level Annotations

Branches:
Dungeon (1/1)

Altars:
Cheibriados
Dithmenos
Elyvilon
Fedhas
Gozag
Hepliaklqana
Kikubaaqudgha
Makhleb
Nemelex Xobeh
Okawaru
Qazlal
Ru
Sif Muna
Trog
Uskayaw
Vehumet
Xom
Yredelemnul
Zin
The Shining One
Beogh
Jiyva
Lugonu


Innate Abilities, Weirdness & Mutations

You cannot wear armour.
You are incapable of wielding weapons or throwing items.
Your paws allow you to move quietly. (Stealth)
You have sharp claws.
You have razor-sharp teeth.
You have supernaturally acute eyesight. (SInv)
You are carnivorous and can eat meat at any time.
You cover ground quickly.
You are covered in fur. (AC +1)
You have a slow metabolism.
Your sharp claws are effective at attacking unaware monsters.


Message History

You see here an uncursed staff of energy.
There is an open door here.
The bullfrog barely misses you.
You closely miss the bullfrog.
The bullfrog is heavily wounded.
The bullfrog hits you.
* * * LOW HITPOINT WARNING * * *
You barely miss the bullfrog.
The bullfrog is heavily wounded.
The bullfrog barely misses you.
You scratch the bullfrog.
The bullfrog is heavily wounded.
The bullfrog completely misses you.
You claw the bullfrog!
The bullfrog is almost dead.
The bullfrog barely misses you. The bullfrog completely misses you.
You barely miss the bullfrog.
The bullfrog is almost dead.
The bullfrog hits you!
You die...

▓[▓
▓Z▓
▓[▓
▓o▓
▓|▓
▓Y▓
▓Y▓
▓F▓
▓@▓
▓_▓
▓_▓
▓_▓
▓_▓
▓_▓
▓_▓
▓_▓
▓_▓


You could see an orc warrior, 2 ice beasts, a bullfrog and a giant cockroach
zombie.

Vanquished Creatures
  A worker ant (D)
  An adder (D)
  A shadow imp (D)
  A dart slug (D)
  A bat (D)
  A goblin (D)
  A kobold (D)
  2 quokkas (D)
  A rat (D)
10 creatures vanquished.

Notes
Turn   | Place    | Note
-------+----------+-------------------------------------------
     0 | D        | equalderp2856 the Felid Fighter began the quest for the Orb.
     0 | D        | Reached XP level 1. HP: 10/10 MP: 2/2
    17 | D        | Reached skill level 5 in Unarmed Combat
    21 | D        | Noticed a worker ant
    23 | D        | Reached XP level 2. HP: 14/14 MP: 3/3
    30 | D        | Reached skill level 5 in Dodging
    48 | D        | Reached skill level 1 in Stealth
    48 | D        | Reached XP level 3. HP: 2/18 MP: 4/4
   312 | D        | Found a roughly hewn altar of Beogh.
   312 | D        | Found a snail-covered altar of Cheibriados.
   312 | D        | Found a shadowy altar of Dithmenos.
   312 | D        | Found a white marble altar of Elyvilon.
   312 | D        | Found a blossoming altar of Fedhas.
   312 | D        | Found an opulent altar of Gozag.
   313 | D        | Found a hazy altar of Hepliaklqana.
   314 | D        | Found a viscous altar of Jiyva.
   315 | D        | Found an ancient bone altar of Kikubaaqudgha.
   316 | D        | Found a corrupted altar of Lugonu.
   317 | D        | Found a burning altar of Makhleb.
   318 | D        | Found a sparkling altar of Nemelex Xobeh.
   319 | D        | Found an iron altar of Okawaru.
   320 | D        | Found a stormy altar of Qazlal.
   321 | D        | Found a sacrificial altar of Ru.
   322 | D        | Found a deep blue altar of Sif Muna.
   323 | D        | Found a bloodstained altar of Trog.
   324 | D        | Found a hide-covered altar of Uskayaw.
   325 | D        | Found a radiant altar of Vehumet.
   326 | D        | Found a shimmering altar of Xom.
   327 | D        | Found a basalt altar of Yredelemnul.
   328 | D        | Found a glowing silver altar of Zin.
   329 | D        | Found a glowing golden altar of the Shining One.
   358 | D        | Noticed an orc warrior
   358 | D        | Noticed an ice beast
   358 | D        | Noticed an ice beast
   358 | D        | Noticed a bullfrog
   376 | D        | Slain by a bullfrog

Skill      XL: |  1  2 |
---------------+-------+-----
Unarmed Combat | 5 6 |  6.8
Dodging        | 6 |  6.1
Fighting       | 4 |  4.0
Stealth        | 1 |  1.1

Action                   || total
-------------------------++-------
Melee: Unarmed           ||    35
       Punch             ||     1
       Bite              ||     2
 Stab: Sleeping          ||     1
Dodge: Dodged            ||    28
